Map: Prion Terraces

Players

PowerPee

  • Race: Protoss Protoss
  • League: Platinum

knorki - Winner!

  • Race: Zerg Zerg
  • League: Silver

VOD

Have the link to the VOD?

Description

Time

  • Played on: Dec. 15, 2015, 9:48 a.m.
  • Length: 15:13
Show
View Real Time Build Order
Export as new Build Order

PowerPee Protoss 

Build Orders: Nexus First 

Get SALT Encoding   

  12  0:01  Probe (Chrono Boost)  
  13  0:11  Probe (Chrono Boost)  
  14  0:22  Pylon  
  14  0:24  Probe (Chrono Boost)  
  15  0:40  Probe (Chrono Boost)  
  16  0:50  Probe (Chrono Boost)  
  17  1:00  Nexus  
  17  1:07  Probe (Chrono Boost)  
  18  1:14  Gateway  
  18  1:18  Probe (Chrono Boost)  
  19  1:22  Assimilator  
  19  1:28  Probe (Chrono Boost)  
  20  1:39  Probe (Chrono Boost)  
  21  1:44  Pylon  
  21  1:49  Probe (Chrono Boost)  
  22  2:02  Cybernetics Core  
  22  2:03  Zealot  
  22  2:07  Probe (Chrono Boost)  
  25  2:11  Assimilator  
  25  2:15  Probe (Chrono Boost)  
  26  2:19  Forge  
  26  2:21  Probe (Chrono Boost)  
  27  2:25  Probe (Chrono Boost)  
  28  2:32  Probe (Chrono Boost)  
  29  2:39  Probe (Chrono Boost)  
  30  2:50  Mothership Core (Chrono Boost)  
  32  2:52  Photon Cannon  
  32  2:58  Photon Cannon  
  31  3:13  Gateway  
  31  3:15  Pylon  
  31  3:16  Probe (Chrono Boost)  
  32  3:23  Probe (Chrono Boost)  
  33  3:32  Pylon  
  33  3:33  Gateway  
  33  3:38  Pylon  
  33  3:40  Probe (Chrono Boost)  
  33  3:41  Probe (Chrono Boost)  
  35  3:43  Warp Gate (Chrono Boost)  
  35  3:47  Pylon  
  35  3:50  Probe (Chrono Boost)  
  35  3:51  Probe (Chrono Boost)  
  37  3:58  Protoss Ground Weapons Level 1 (Chrono Boost)  
  37  4:02  Probe  
  38  4:10  Twilight Council  
  38  4:11  Assimilator  
  38  4:12  Probe  
  39  4:17  Probe, Assimilator  
  39  4:23  Robotics Facility  
  40  4:25  Probe  
  40  4:29  Probe  
  42  4:31  Pylon  
  42  4:37  Probe  
  43  4:42  Probe  
  44  4:49  Probe, Blink (Chrono Boost)  
  45  4:54  Probe  
  45  4:57  Dark Shrine  
  46  5:01  Probe  
  46  5:06  Probe  
  48  5:11  Pylon  
  48  5:12  Observer (Chrono Boost)  
  49  5:14  Pylon  
  49  5:16  Probe  
  50  5:31  Warp Prism (Chrono Boost)  
  52  5:40  Protoss Ground Weapons Level 2  
  52  5:44  Gateway  
  52  5:45  Gateway  
  52  5:47  Gateway  
  52  5:54  Stalker  
  54  6:19  Gateway  
  54  6:20  Gateway  
  54  6:23  Gateway  
  54  6:24  Dark Templar x3  
  60  6:43  Probe x2  
  60  6:44  Robotics Bay, Pylon  
  62  6:47  Nexus  
  58  7:09  Pylon  
  58  7:10  Pylon  
  56  7:17  Pylon  
  56  7:19  Pylon  
  56  7:21  Assimilator  
  56  7:25  Assimilator  
  56  7:38  Stalker x3  
  56  7:42  Protoss Ground Armor Level 1  
  62  7:44  Disruptor (Chrono Boost)  
  62  7:50  Probe x2  
  67  8:03  Stalker x3  
  73  8:12  Robotics Facility  
  73  8:15  Disruptor (Chrono Boost)  
  73  8:16  Stargate  
  73  8:18  Stargate  
  73  8:19  Probe  
  77  8:20  Probe  
  77  8:22  Probe  
  79  8:30  Dark Templar x2  
  79  8:31  Probe  
  79  8:32  Probe  
  79  8:34  Zealot  
  87  8:52  Stalker x5  
  97  9:01  Nexus  
  95  9:11  Disruptor (Chrono Boost)  
  95  9:16  Protoss Ground Weapons Level 3, Disruptor (Chrono Boost)  
  101  9:27  Stalker x2  
  101  9:28  Stalker x4  
  113  9:39  Pylon  
  113  9:41  Probe  
  113  9:42  Probe  
  113  9:43  Probe  
  116  9:47  Photon Cannon  
  116  9:51  Observer (Chrono Boost)  
  118  9:54  Observer (Chrono Boost)  
  118  9:58  Photon Cannon  
  118  10:02  Pylon  
  118  10:06  Pylon  
  118  10:08  Photon Cannon  
  118  10:12  Probe x2  
  118  10:13  Probe x2  
  122  10:20  Photon Cannon  
  122  10:23  Probe x2  
  124  10:30  Dark Templar x3  
  124  10:34  Archon x2  
  130  10:36  Dark Templar  
  130  10:37  Dark Templar  
  134  10:43  Dark Templar, Archon  
  134  10:44  Dark Templar  
  121  10:57  Stalker  
  121  10:58  Stalker  
  107  11:09  Stalker x2  
  107  11:18  Stalker x5  
  113  11:22  Disruptor (Chrono Boost)  
  123  11:26  Disruptor (Chrono Boost)  
  117  11:32  Stalker  
  117  11:33  Stalker x2  
  123  11:40  Void Ray x2 (Chrono Boost)  
  131  11:48  Probe, Pylon  
  131  11:49  Probe x3, Pylon  
  131  11:52  Assimilator  
  135  11:54  Assimilator  
  135  12:01  Probe  
  135  12:03  Nexus  
  136  12:13  Photon Cannon  
  136  12:14  Probe x2, Photon Cannon  
  138  12:20  Pylon  
  138  12:23  Pylon  
  138  12:26  Protoss Ground Armor Level 2  
  138  12:27  Protoss Air Weapons Level 1 (Chrono Boost)  
  138  12:37  Void Ray  
  142  12:44  Fleet Beacon  
  142  12:47  Photon Cannon  
  142  12:50  Dark Templar  
  144  12:52  Dark Templar  
  144  12:56  Dark Templar  
  144  13:03  Void Ray  
  127  13:36  Stalker x3  
  127  13:37  Stalker x3  
  127  13:38  Stalker  
  116  13:45  Charge (Chrono Boost)  
  81  14:05  Zealot x5  
  81  14:06  Zealot x4  
  63  14:29  Pylon  
  63  14:30  Pylon  
  63  14:32  Pylon  
  69  14:39  Stargate  
  69  14:40  Stargate  
  69  14:43  Stargate  
  69  14:45  Zealot x6  
  77  14:46  Zealot x3  
Show
View Real Time Build Order
Export as new Build Order

knorki Zerg - Winner!

Build Orders: Pool First 

Get SALT Encoding   

  12  0:02  Drone  
  13  0:15  Overlord  
  13  0:32  Drone  
  13  0:33  Drone  
  13  0:34  Drone  
  16  0:43  Drone  
  17  0:52  Spawning Pool  
  16  0:57  Drone  
  17  1:13  Hatchery  
  16  1:21  Drone  
  16  1:22  Drone  
  16  1:24  Extractor  
  17  1:30  Drone  
  18  1:46  Queen  
  18  1:48  Overlord  
  20  1:54  Zergling x2  
  21  2:02  Drone  
  22  2:18  Drone  
  23  2:25  Queen  
  25  2:45  Drone x5  
  25  2:46  Hatchery  
  29  3:11  Drone x2  
  29  3:12  Drone x4  
  34  3:24  Drone x2  
  34  3:26  Overlord  
  36  3:36  Overlord  
  36  3:43  Lair  
  36  3:44  Queen  
  36  3:47  Extractor  
  36  3:48  Drone x5, Extractor x2  
  40  3:57  Drone x2  
  40  4:02  Queen  
  44  4:04  Zergling x4  
  44  4:08  Drone  
  47  4:13  Drone  
  47  4:16  Drone x3  
  52  4:17  Drone x3  
  52  4:19  Drone  
  55  4:34  Spore Crawler  
  55  4:35  Spore Crawler  
  53  4:39  Drone x4  
  53  4:40  Drone  
  53  4:41  Overlord  
  53  4:43  Metabolic Boost  
  57  5:00  Extractor  
  57  5:01  Drone  
  57  5:02  Drone x5, Extractor  
  61  5:10  Roach Warren, Drone x4  
  61  5:11  Evolution Chamber, Drone  
  61  5:12  Evolution Chamber  
  63  5:16  Overlord x2  
  63  5:33  Drone x2  
  63  5:34  Overlord  
  65  5:35  Drone  
  65  5:36  Drone x2  
  65  5:37  Drone x2  
  65  5:38  Drone  
  65  5:42  Overlord  
  71  5:43  Overlord x3  
  71  5:47  Zerg Missile Weapons Level 1, Zerg Ground Armor Level 1  
  71  6:07  Roach x8  
  71  6:08  Roach x4  
  71  6:10  Glial Reconstitution  
  95  6:28  Spore Crawler  
  94  6:33  Hatchery  
  94  6:34  Ravager x6  
  94  6:37  Roach x2  
  94  6:38  Roach x5  
  113  6:56  Overseer  
  113  7:13  Pneumatized Carapace  
  113  7:15  Overseer  
  113  7:57  Hatchery, Zerg Ground Armor Level 2, Zerg Missile Weapons Level 2  
  112  8:02  Overlord x5, Infestation Pit  
  112  8:03  Overlord  
  111  8:47  Overlord  
  111  8:48  Overlord x3  
  109  8:51  Hive  
  109  9:16  Hydralisk Den  
  110  9:17  Roach x18  
  110  9:18  Roach x8  
  160  9:26  Drone x4  
  160  9:28  Extractor  
  160  9:29  Extractor  
  162  9:31  Ravager  
  162  9:32  Ravager x5  
  162  9:33  Ravager x5  
  162  9:34  Ravager  
  162  9:35  Zergling x22  
  185  9:46  Overlord x2  
  185  9:47  Zergling x2  
  185  9:48  Zergling x8  
  190  9:58  Muscular Augments  
  190  10:12  Drone x2  
  190  10:13  Drone x3  
  195  10:15  Zergling x10  
  195  10:18  Adrenal Glands  
  200  10:22  Zerg Ground Armor Level 3, Zerg Missile Weapons Level 3  
  200  10:27  Overseer x3  
  200  10:42  Overlord x2  
  137  11:01  Roach x14  
  137  11:02  Roach x9  
  165  11:13  Zergling x8  
  169  11:30  Zergling x14  
  177  11:32  Ravager x2  
  177  11:33  Ravager x4  
  177  11:34  Ravager x9  
  177  11:35  Ravager x4  
  177  11:39  Hatchery, Zergling x6  
  197  11:48  Ultralisk Cavern  
  197  11:50  Zergling x8  
  197  12:18  Zergling x6  
  200  12:41  Chitinous Plating  
  196  12:58  Hatchery  
  196  13:00  Zerg Melee Weapons Level 1  
  153  13:41  Ultralisk x8  
  195  13:53  Extractor  
  186  13:56  Extractor  
  168  14:09  Zergling x38  
  185  14:16  Roach x8  
Tags
 
Add a new tag
Caveats
  • Supply blocks, unpowered buildings, or Contaminate may cause inaccurate times.
  • Supply counts are checked every 10 seconds.